 Dungeon Crawl Stone Soup version 0.29-a0-529-gfa20dd96a1 (webtiles) character file.

Game seed: 10353741170101380940

669 porpoise the Shooter (level 7, 0/44 HPs)
             Began as a Tengu Hunter on June 2, 2022.
             Slain by a gnoll
             ... wielding a +0 whip
             ... led by a gnoll sergeant
              (4 damage)
             ... on level 4 of the Dungeon.
             The game lasted 00:11:25 (4642 turns).

porpoise the Shooter (Tengu Hunter)                 Turns: 4642, Time: 00:11:26

Health: 0/44       AC:  7    Str: 17    XL:     7   Next: 58%
Magic:  8/8        EV: 14    Int:  9    God:
Gold:   137        SH:  0    Dex: 20    Spells: 6/6 levels left

rFire   . . .      SeeInvis .   a - +1 shortbow
rCold   . . .      Faith    .   (shield currently unavailable)
rNeg    + . .      Spirit   .   b - +1 ring mail {rN+}
rPois   +          Reflect  .   (helmet restricted)
rElec   .          Harm     .   w - scarf {repulsion}
rCorr   .          Rampage  .   r - +0 pair of gloves
Will    .....                   (boots unavailable)
Stlth   ++........              (no amulet)
HPRegen 0.14/turn               j - +6 ring of strength
MPRegen 0.11/turn               o - ring of poison resistance

@: flying quickly and evasively, repel missiles, quick
A: beak, talons 3, nimble flight
a: no special abilities


You were on level 4 of the Dungeon.
You visited 1 branch of the dungeon, and saw 5 of its levels.

You collected 137 gold pieces.

Inventory:

Hand Weapons
 a - a +1 shortbow (weapon)
Missiles
 s - 2 boomerangs
 E - a throwing net
Armour
 b - a +1 ring mail of positive energy (worn)
 r - a +0 pair of gloves (worn)
 w - a scarf of repulsion (worn)
Magical Staves
 v - a staff of poison
Jewellery
 d - a ring of wizardry
 j - a +6 ring of strength (left hand)
 o - a ring of poison resistance (right hand)
Wands
 y - a wand of iceblast (4)
Scrolls
 c - 2 scrolls of immolation
 e - a scroll of acquirement {unknown}
 f - a scroll of vulnerability {unknown}
 i - a scroll of poison {unknown}
 k - 2 scrolls of magic mapping
 l - 2 scrolls of noise
 m - a scroll of silence {unknown}
 n - 2 scrolls of teleportation
 p - a scroll of brand weapon {unknown}
 x - a scroll of enchant armour {unknown}
 A - a scroll of fog {unknown}
 C - a scroll of summoning {unknown}
Potions
 g - a potion of heal wounds
 h - 3 potions of magic
 q - 2 potions of curing
 t - 3 potions of might
 u - 2 potions of resistance
 z - a potion of lignification
 D - a potion of haste {unknown}


   Skills:
 * Level 5.4 Fighting
 * Level 7.0 Bows
 - Level 2.1 Dodging
 + Level 3.8 Stealth


You had 6 spell levels left.
You didn't know any spells.
Your spell library contained the following spells:

 Spells                   Type           Power      Damage    Failure   Level
 Sublimation of Blood     Necr           0%         N/A       75%         2
 Wereblood                Tmut           0%         N/A       75%         2
 Gell's Gravitas          Tloc           0%         N/A       92%         3
 Lesser Beckoning         Tloc           0%         N/A       92%         3
 Teleport Other           Tloc           0%         N/A       92%         3
 Summon Hydra             Summ           0%         N/A       100%        7


Dungeon Overview and Level Annotations

Branches:
Dungeon (5/15)             Temple (0/1) D:4

Altars:
Vehumet

Shops:
D:5 :


Innate Abilities, Weirdness & Mutations

You have a beak for a mouth.
You have claws for feet.
Your magical nature lets you fly swiftly and evasively.


Message History

* * * LOW HITPOINT WARNING * * *
You feel better. The gnoll hits you with a +0 whip.
* * * LOW HITPOINT WARNING * * *
The gnoll sergeant hits you with a +0 spear.
* * * LOW HITPOINT WARNING * * *
Shoot: a) +1 shortbow
Press: ? - help, Q - select action, (/) - cycle Shift-Dir - straight line, f/p - gnoll sergeant
Aim: a gnoll sergeant, wielding a +0 spear and wearing a +0 scale mail (heavily wounded, 74% to hit)
You shoot an arrow. The arrow hits the gnoll sergeant.
The gnoll sergeant is heavily wounded.
The gnoll barely misses you.
The gnoll sergeant hits you with a +0 spear.
* * * LOW HITPOINT WARNING * * *
The gnoll barely misses you. The gnoll sergeant closely misses you.
Shoot: a) +1 shortbow
Press: ? - help, Q - select action, (/) - cycle Shift-Dir - straight line, f/p - gnoll sergeant
Aim: a gnoll sergeant, wielding a +0 spear and wearing a +0 scale mail (heavily wounded, 74% to hit)
You shoot an arrow. The arrow hits the gnoll sergeant!
You kill the gnoll sergeant!
The gnoll hits you but does no damage.
Your Bows skill increases to level 7!
Shoot: a) +1 shortbow
Press: ? - help, Q - select action, (/) - cycle Shift-Dir - straight line, f - gnoll
Aim: a gnoll, wielding a +0 whip (71% to hit)
You shoot an arrow. The arrow closely misses the gnoll.
The gnoll hits you with a +0 whip.
* * * LOW HITPOINT WARNING * * *
Shoot: a) +1 shortbow
Press: ? - help, Q - select action, (/) - cycle Shift-Dir - straight line, f/p - gnoll
Aim: a gnoll, wielding a +0 whip (71% to hit)
You shoot an arrow. The arrow barely misses the gnoll.
The gnoll hits you but does no damage.
Unknown command.
Shoot: a) +1 shortbow
Press: ? - help, Q - select action, (/) - cycle Shift-Dir - straight line, f/p - gnoll
Aim: a gnoll, wielding a +0 whip (71% to hit)
You shoot an arrow. The arrow hits the gnoll.
The gnoll is moderately wounded.
The gnoll barely misses you. The gnoll hits you with a +0 whip.
You die...

###
#######................#
#≈≈≈≈≈#...............##
#≈≈.≈≈#.......#.......# #
#≈._..'........##....######
#≈≈.≈≈#........#########...
#≈≈≈≈≈#........####........
#
#######....[......>...#####
# #........g........##### #
#........)@....#### ##
#.............## .#
##............# .#
#............# #####
#............# #...##
##...........# .....#
#...........# .....##
#...........# ......#
##..........#


You could see a gnoll.

Vanquished Creatures
  A sky beast (D:4)
  A scorpion (D:4)
  A necrophage (D:4)
  A gnoll sergeant (D:4)
  A howler monkey (D:4)
  A hound (D:4)
  A jelly (D:4)
  Ijyb (D:4)
  14 adders
  5 gnolls
  A worm (D:2)
  3 dart slugs
  3 orcs
  17 ball pythons
  6 endoplasms
  8 giant cockroaches
  6 goblins
  6 hobgoblins
  8 jackals
  7 kobolds
  A quokka (D:1)
  6 bats
  4 frilled lizards
  7 rats
110 creatures vanquished.

Notes
Turn   | Place    | Note
-------+----------+-------------------------------------------
     0 | D:1      | porpoise the Tengu Hunter began the quest for the Orb.
     0 | D:1      | Reached XP level 1. HP: 12/12 MP: 2/2
   122 | D:1      | Reached XP level 2. HP: 15/17 MP: 3/3
   622 | D:1      | Reached XP level 3. HP: 19/22 MP: 4/4
   678 | D:1      | Found a faded altar of an unknown god.
  1177 | D:2      | Reached skill level 5 in Bows
  1360 | D:2      | Reached XP level 4. HP: 20/28 MP: 5/5
  2335 | D:3      | Gained mutation: Your magical nature lets you fly swiftly
                  | and evasively. [Tengu growth]
  2335 | D:3      | Reached XP level 5. HP: 30/32 MP: 6/6
  2803 | D:4      | Found a staircase to the Ecumenical Temple.
  2857 | D:4      | Found a radiant altar of Vehumet.
  2980 | D:4      | Reached XP level 6. HP: 38/38 MP: 7/7
  3015 | D:4      | Reached skill level 6 in Bows
  3140 | D:4      | Noticed a sky beast
  3158 | D:4      | Killed a sky beast
  3159 | D:4      | Reached XP level 7. HP: 20/44 MP: 8/8
  3475 | D:4      | Reached skill level 5 in Fighting
  3622 | D:4      | Noticed Ijyb
  3644 | D:4      | Killed Ijyb
  4222 | D:5      | Entered Level 5 of the Dungeon
  4571 | D:5      | Found Ticleq's Book Emporium.
  4640 | D:4      | Reached skill level 7 in Bows
  4642 | D:4      | Slain by a gnoll

Illustrated notes

Levels and vault maps discovered:
D:1:      dpeg_arrival_water_temple_mockup, layout_basic,
          shapermc_ecumenical_altar_pompeii, serial_bayou_lagoon_b
D:2:      layout_basic, lightli_corner_chamber
D:3:      layout_basic
D:4:      cheibrodos_barr_body, layout_cave_pods, kennysheep_little_box,
          minmay_temple_entry_trees, serial_park_tiny_2, minmay_snake_closets,
          uniq_ijyb
D:5:      layout_basic, mainiacjoe_overflow_six_doors_small, zin_purify,
          grunt_dithmenos_shadows, makhleb_heckhound_becter, serial_shops, shop,
          nicolae_specific_store

Skill      XL: |  1  2  3  4  5  6  7 |
---------------+----------------------+-----
Bows           | 5 6 7 |  7.0
Fighting       | 3 4 5 |  5.4
Stealth        | 2 3 |  3.8
Dodging        | |  2.1

Action                   |  1- 3 |  4- 6 |  7- 9 || total
-------------------------+-------+-------+-------++-------
 Fire: Shortbow          |    88 |   126 |   101 ||   315
Throw: Boomerang         |       |     1 |       ||     1
  Use: Scroll            |       |     5 |     4 ||     9
       Potion            |       |     1 |     2 ||     3
Armor: Ring mail         |    20 |    25 |    30 ||    75
Dodge: Dodged            |    29 |    50 |    74 ||   153

Table legend: (Time is in decaauts)
 A = Elapsed time spent in this place.
 B = Non-inter-level travel time spent in this place.
 C = Inter-level travel time spent in this place.
 D = Time resting spent in this place.
 E = Time spent auto-exploring this place.
 F = Levels seen in this place.
 G = Mean time per level.
                   A        B        C        D        E       F      G
               +--------+--------+--------+--------+--------+-----+--------+
         Total |   4637 |   4507 |    130 |   1288 |   2481 |   5 |  927.4 |
       Dungeon |   4637 |   4507 |    130 |   1288 |   2481 |   5 |  927.4 |
               +--------+--------+--------+--------+--------+-----+--------+

Top non-repeatable levels by time:
     D:4: 1834 daAuts
     D:1: 1055 daAuts
     D:2: 1017 daAuts
     D:3: 602 daAuts
     D:5: 128 daAuts
